 Dungeon Crawl Stone Soup version 0.18-a0-1225-g5d63bca (webtiles) character file.

792 st0uf the Chucker (level 7, -5/71 HPs)
             Began as an Ogre Hunter on Feb 3, 2016.
             Slain by a gnoll (7 damage)
             ... on level 4 of the Dungeon.
             The game lasted 00:21:30 (5805 turns).

st0uf the Chucker (Ogre Hunter)                     Turns: 5805, Time: 00:21:30

Health: -5/71      AC:  4    Str: 20    XL:     7   Next: 88%
Magic:  7/7        EV: 11    Int: 10    God:
Gold:   175        SH:  0    Dex: 10    Spells: 0 memorised, 6 levels left

rFire  . . .     SeeInvis .     x - +1 flail (holy)
rCold  . . .     Gourm    .     b - +0 robe
rNeg   . . .     Faith    .     (no shield)
rPois  .         Spirit   .     (helmet restricted)
rElec  .         Dismiss  .     (no cloak)
rCorr  .         Reflect  .     (gloves unavailable)
SustAt .         Harm     .     (boots unavailable)
MR     .....                    (no amulet)
Stlth  +.........               (no ring)
                                w - +1 ring of protection

@: not resistant to hostile enchantments, very unstealthy
A: unfitting armour, tough skin 1
a: no special abilities


You were on level 4 of the Dungeon.
You were near starving.

You visited 2 branches of the dungeon, and saw 5 of its levels.

You collected 175 gold pieces.

Inventory:

Hand Weapons
 j - a +0 club
 x - a +1 flail of holy wrath (weapon)
 y - a +0 mace
 B - a +0 giant spiked club
Missiles
 d - 2 throwing nets (quivered)
 i - 3 curare-tipped needles
 u - 80 stones
 A - 6 poisoned needles
Armour
 b - a +0 robe (worn)
Jewellery
 w - a +1 ring of protection (left hand)
 D - a cursed -2 ring of evasion {unknown}
Scrolls
 a - a scroll of recharging {unknown}
 e - 2 scrolls of remove curse {unknown}
 m - 2 scrolls of amnesia {unknown}
 p - a scroll of immolation {unknown}
 r - a scroll of identify {unknown}
 t - 3 scrolls of blinking {unknown}
 v - a scroll of magic mapping {unknown}
 z - a scroll of teleportation {unknown}
 C - a scroll of random uselessness {unknown}
Potions
 g - a potion of lignification {unknown}
 h - a potion of might {unknown}
 k - a potion of agility {unknown}
 l - a potion of flight {unknown}
 s - a potion of curing {unknown}
Comestibles
 f - 3 bread rations
 n - 2 slices of pizza
 o - a beef jerky
 q - 2 meat rations


   Skills:
 + Level 4.6 Fighting
 + Level 2.6 Maces & Flails
 + Level 6.0 Throwing
 + Level 5.4 Dodging
 + Level 2.1 Stealth


You had 6 spell levels left.
You didn't know any spells.

Dungeon Overview and Level Annotations

Branches:
Dungeon (4/15)             Temple (1/1) D:4

Altars:
Ashenzari
Dithmenos
Fedhas
Gozag
Kikubaaqudgha
Makhleb
Nemelex Xobeh
Pakellas
Qazlal
Ru
Trog
Vehumet
Xom
Yredelemnul
Zin
The Shining One


Innate Abilities, Weirdness & Mutations

You are too large for most types of armour.
You have tough skin (AC +1).


Message History

You kill the gnoll!
The gnoll hits you. The gnoll closely misses you.
You barely miss the gnoll. The gnoll hits you. The gnoll hits you with a whip.
* * * LOW HITPOINT WARNING * * *
You hit the gnoll.
The gnoll is lightly wounded.
The gnoll completely misses you. The gnoll hits you with a whip!
* * * LOW HITPOINT WARNING * * *
The gnoll closely misses you. The gnoll hits you with a whip.
* * * LOW HITPOINT WARNING * * *
The gnoll hits you.
* * * LOW HITPOINT WARNING * * *
There is an open door, spattered with blood here.
You barely miss the gnoll. You closely miss the gnoll. The gnoll hits you.
* * * LOW HITPOINT WARNING * * *
You barely miss the gnoll. The gnoll hits you with a whip.
* * * LOW HITPOINT WARNING * * *
The gnoll hits you!
You die...

#...................'
#...................#
#...................#
#.............[......
#....................
#.................[..
#....................
##'#####+###+########
#..@#..<..... #.
#..gg.)((..(. #.
############# ##


You could see 2 gnolls.

Vanquished Creatures
  Sigmund (D:3)
  Menkaure (D:4)
  A black bear (D:3)
  An ogre (D:4)
  A scorpion (D:4)
  An orc wizard (D:3)
  A worker ant (D:4)
  Robin (D:3)
  2 gnolls (D:4)
  8 adders
  An ooze (D:1)
  3 worms
  5 giant geckos
  9 orcs
  6 giant cockroaches
  13 goblins
  12 hobgoblins
  6 jackals (D:2)
  A ball python (D:1)
  8 bats
  4 giant newts
  9 kobolds
  8 rats
103 creatures vanquished.

Notes
Turn   | Place    | Note
--------------------------------------------------------------
     0 | D:1      | st0uf the Ogre Hunter began the quest for the Orb.
     0 | D:1      | Reached XP level 1. HP: 22/22 MP: 1/1
   123 | D:1      | Reached XP level 2. HP: 18/29 MP: 2/2
   881 | D:1      | Reached XP level 3. HP: 11/36 MP: 3/3
  1525 | D:2      | Reached skill level 1 in Stealth
  1925 | D:2      | Reached XP level 4. HP: 44/44 MP: 4/4
  2354 | D:3      | Noticed Sigmund
  2741 | D:3      | Found a stormy altar of Qazlal.
  2755 | D:3      | Killed Sigmund
  2755 | D:3      | Reached skill level 1 in Maces & Flails
  2755 | D:3      | Reached skill level 5 in Throwing
  2755 | D:3      | Reached XP level 5. HP: 38/54 MP: 5/5
  2755 | D:3      | Reached XP level 6. HP: 43/62 MP: 6/6
  2833 | D:3      | Noticed Robin
  2839 | D:3      | Killed Robin
  4006 | D:3      | Noticed a black bear
  4007 | D:3      | Killed a black bear
  4007 | D:3      | Reached XP level 7. HP: 65/68 MP: 7/7
  4286 | D:4      | Noticed Menkaure
  4292 | D:4      | Killed Menkaure
  4292 | D:4      | Reached skill level 5 in Dodging
  4370 | D:4      | Found a staircase to the Ecumenical Temple.
  4376 | Temple   | Entered the Ecumenical Temple
  4636 | D:4      | Found an ancient bone altar of Kikubaaqudgha.
  4834 | D:4      | Found a shattered altar of Ashenzari.
  5200 | D:4      | Reached skill level 6 in Throwing
  5619 | D:4      | Found a shimmering altar of Xom.
  5805 | D:4      | HP: 2/71 [gnoll/whip (2)]
  5805 | D:4      | Slain by a gnoll

Vault maps used:
D:1:      dpeg_arrival_simpleton_a, hex_tiny, serial_park_tiny_1,
          hangedman_glass_teeth, hangedman_decor_opposing
D:3:      nicolae_overflow_crystal_walls, uniq_sigmund, uniq_robin
D:4:      nicolae_overflow_hidden_temple, kennysheep_mini_moat,
          cheibrodos_ashenzari_chains, minmay_temple_entry_hall, first_bread,
          uniq_menkaure
Temple:   eino_temple_water_12

Action                   |  1- 3 |  4- 6 |  7- 9 || total
-------------------------+-------+-------+-------++-------
Melee: Unarmed           |     7 |       |       ||     7
       Club              |   134 |   151 |       ||   285
       Flail             |       |     8 |    75 ||    83
Throw: Stone             |    38 |    63 |    24 ||   125
       Large rock        |     4 |    28 |     7 ||    39
 Stab: Sleeping          |     1 |     1 |       ||     2
  Eat: Chunk             |     2 |     8 |     4 ||    14
